Map: Orbital Shipyard

Players

Silvertone

  • Race: Zerg Zerg
  • League: Platinum

FancyBuster - Winner!

  • Race: Protoss Protoss
  • League: Platinum

VOD

Have the link to the VOD?

Description

Time

  • Played on: Nov. 14, 2015, 3:52 a.m.
  • Length: 13:12
Show
View Real Time Build Order
Export as new Build Order

Silvertone Zerg 

Build Orders: 3 Hatch before Pool 

Get SALT Encoding   

  12  0:01  Drone  
  13  0:08  Drone  
  14  0:18  Overlord  
  14  0:27  Drone, Extractor x2  
  13  0:29  Drone  
  16  0:37  Drone  
  17  0:44  Drone  
  18  0:59  Hatchery  
  18  1:00  Drone  
  18  1:08  Drone  
  19  1:23  Hatchery  
  18  1:35  Spawning Pool  
  18  1:37  Extractor  
  18  1:39  Drone  
  17  1:42  Drone  
  17  1:46  Drone  
  19  1:50  Drone  
  20  2:02  Overlord  
  20  2:14  Drone x2  
  22  2:22  Queen  
  24  2:23  Queen  
  24  2:28  Drone  
  27  2:36  Queen  
  29  2:41  Metabolic Boost  
  29  2:45  Drone  
  29  2:46  Drone  
  29  2:48  Zergling x2  
  32  2:57  Overlord  
  32  3:08  Drone x5  
  32  3:09  Drone  
  36  3:29  Drone x6  
  42  3:35  Drone x4  
  42  3:36  Drone  
  42  3:37  Drone  
  48  3:45  Overlord  
  47  3:50  Drone x3  
  47  3:54  Overlord  
  48  4:06  Drone x4  
  48  4:07  Drone x4  
  48  4:09  Zergling x4  
  56  4:10  Zergling x2  
  56  4:16  Zergling x6  
  57  4:25  Drone  
  57  4:26  Drone x2  
  57  4:30  Drone  
  61  4:35  Drone x2  
  63  4:39  Lair  
  63  4:43  Evolution Chamber x2, Drone, Extractor x2  
  63  4:44  Drone x3  
  63  4:45  Extractor  
  62  4:51  Spore Crawler  
  56  4:53  Spore Crawler  
  56  4:55  Spore Crawler  
  49  5:02  Drone  
  49  5:03  Drone x9  
  59  5:10  Zerg Missile Weapons Level 1  
  59  5:12  Roach Warren  
  58  5:20  Drone x4  
  58  5:21  Drone  
  63  5:23  Drone  
  64  5:29  Drone  
  64  5:31  Drone  
  64  5:32  Zerg Ground Armor Level 1  
  64  5:44  Hydralisk Den  
  59  6:04  Glial Reconstitution  
  59  6:05  Roach  
  59  6:06  Overlord x2, Roach x2  
  59  6:08  Overlord x5  
  65  6:11  Drone  
  65  6:17  Muscular Augments  
  66  6:28  Roach  
  66  6:29  Roach x7  
  82  6:38  Drone x4  
  84  6:43  Spore Crawler  
  82  6:48  Drone x2  
  84  6:55  Roach x3  
  84  6:56  Roach x2  
  84  6:59  Ravager x3  
  97  7:03  Drone  
  97  7:04  Drone x4  
  97  7:06  Extractor  
  97  7:07  Drone x3, Extractor  
  103  7:09  Drone  
  104  7:21  Hydralisk  
  106  7:23  Overlord x2  
  106  7:24  Overlord  
  103  7:31  Drone  
  103  7:32  Hydralisk  
  103  7:39  Hydralisk  
  103  7:43  Hydralisk x3  
  103  7:44  Hydralisk x6  
  120  7:56  Hydralisk x3  
  126  8:00  Hydralisk x2  
  126  8:03  Hydralisk  
  126  8:05  Overlord x3  
  130  8:08  Hatchery  
  129  8:17  Lurker Den  
  129  8:19  Overlord  
  129  8:20  Overlord  
  129  8:28  Zerg Ground Armor Level 2  
  129  8:31  Drone x4  
  129  8:32  Drone  
  134  8:37  Hatchery  
  134  8:40  Hydralisk  
  134  8:41  Hydralisk x2  
  137  8:52  Ravager x3  
  137  8:53  Roach  
  137  8:54  Zergling x2  
  137  8:55  Zergling x14  
  150  9:06  Roach  
  150  9:07  Roach x6  
  164  9:22  Extractor  
  164  9:23  Extractor  
  162  9:29  Queen  
  164  9:37  Roach x14  
  170  9:54  Hydralisk x5  
  179  10:04  Hydralisk x2  
  179  10:25  Hydralisk  
  179  10:26  Hydralisk x10  
  177  10:30  Hydralisk x2  
  147  10:37  Roach x5  
  147  10:40  Roach  
  112  10:59  Hydralisk x5  
  112  11:00  Hydralisk x2  
  121  11:04  Drone x3  
  121  11:05  Drone  
  113  11:19  Hydralisk x6  
  121  11:32  Lurker x2  
  123  11:33  Roach  
  123  11:34  Zergling x2  
  123  11:35  Zergling x16  
  134  11:46  Roach x5  
  144  11:50  Roach  
  142  11:58  Hydralisk x4  
  142  11:59  Hydralisk  
  148  12:27  Hydralisk x4  
  148  12:28  Hydralisk x5  
  151  12:47  Hydralisk x6  
  151  12:48  Hydralisk  
  142  12:52  Roach  
  142  12:53  Roach  
  142  12:54  Zergling x8  
Show
View Real Time Build Order
Export as new Build Order

FancyBuster Protoss - Winner!

Build Orders: 1 Gate Expand, Oracle Opening 

Get SALT Encoding   

  12  0:02  Probe (Chrono Boost)  
  13  0:13  Probe (Chrono Boost)  
  14  0:17  Pylon  
  14  0:23  Probe (Chrono Boost)  
  15  0:36  Probe (Chrono Boost)  
  15  0:37  Gateway  
  16  0:46  Probe (Chrono Boost)  
  16  0:47  Assimilator  
  18  0:57  Probe (Chrono Boost)  
  18  1:07  Probe (Chrono Boost)  
  19  1:20  Nexus  
  19  1:31  Cybernetics Core  
  19  1:33  Probe (Chrono Boost)  
  20  1:40  Assimilator  
  20  1:44  Probe (Chrono Boost)  
  21  1:52  Pylon  
  21  2:01  Probe (Chrono Boost)  
  22  2:07  Warp Gate  
  22  2:10  Adept (Chrono Boost)  
  22  2:11  Probe (Chrono Boost)  
  25  2:23  Mothership Core  
  27  2:31  Probe  
  27  2:33  Pylon  
  27  2:35  Adept (Chrono Boost)  
  30  2:41  Probe  
  31  2:45  Probe  
  32  2:52  Probe  
  32  2:53  Stargate  
  32  2:57  Probe  
  34  3:03  Probe, Adept (Chrono Boost)  
  37  3:09  Probe  
  38  3:13  Probe  
  39  3:21  Probe  
  39  3:24  Probe  
  41  3:33  Probe  
  40  3:34  Probe  
  40  3:36  Stalker (Chrono Boost)  
  40  3:38  Pylon  
  40  3:39  Oracle  
  46  3:45  Probe  
  46  3:48  Probe  
  48  3:57  Probe  
  48  3:59  Probe  
  50  4:09  Probe  
  49  4:24  Nexus  
  49  4:25  Pylon  
  49  4:26  Probe  
  49  4:28  Oracle  
  49  4:30  Forge  
  51  4:32  Assimilator  
  51  4:34  Pylon  
  51  4:37  Pylon, Assimilator  
  51  4:41  Sentry  
  53  4:46  Probe  
  53  4:47  Probe  
  55  5:03  Forge  
  55  5:08  Pylon  
  55  5:10  Pylon  
  55  5:12  Pylon  
  55  5:14  Probe  
  55  5:16  Probe  
  55  5:18  Void Ray  
  61  5:25  Probe  
  61  5:28  Probe, Gateway  
  63  5:42  Gateway  
  62  5:51  Pylon  
  62  5:57  Probe  
  62  5:58  Probe  
  62  6:01  Probe  
  64  6:04  Assimilator  
  64  6:08  Probe  
  64  6:09  Protoss Ground Weapons Level 1, Assimilator  
  64  6:10  Robotics Facility  
  64  6:11  Protoss Ground Armor Level 1, Robotics Facility  
  65  6:13  Pylon, Photon Cannon  
  65  6:16  Gateway  
  65  6:17  Pylon  
  65  6:21  Gateway  
  65  6:27  Probe  
  66  6:54  Probe  
  66  6:55  Probe  
  66  6:58  Immortal x2  
  76  7:03  Probe  
  76  7:04  Probe  
  76  7:05  Robotics Bay  
  78  7:08  Probe  
  79  7:16  Stalker x2  
  79  7:17  Stalker  
  85  7:40  Immortal  
  85  7:41  Immortal  
  85  7:42  Probe  
  85  7:43  Probe x2  
  96  7:55  Stalker x4  
  104  8:00  Gateway x2  
  104  8:02  Gateway  
  104  8:04  Gateway  
  104  8:09  Gateway  
  104  8:10  Gateway  
  104  8:14  Twilight Council  
  104  8:15  Stalker x2  
  108  8:21  Disruptor (Chrono Boost), Warp Prism (Chrono Boost)  
  108  8:25  Stalker x2  
  108  8:26  Stalker  
  110  8:44  Stalker x2  
  110  8:56  Disruptor x2 (Chrono Boost)  
  116  9:06  Adept x4  
  124  9:14  Stalker x2  
  128  9:17  Protoss Ground Weapons Level 2  
  120  9:36  Disruptor (Chrono Boost)  
  120  9:37  Disruptor (Chrono Boost)  
  126  9:45  Blink  
  126  9:50  Pylon  
  126  9:51  Stalker, Pylon  
  128  9:53  Zealot x2, Pylon  
  128  9:54  Zealot x4  
  128  9:55  Pylon  
  137  10:07  Disruptor (Chrono Boost)  
  136  10:27  Stalker x5  
  136  10:28  Stalker x2  
  140  10:29  Zealot x2  
  122  10:41  Zealot  
  111  10:43  Zealot  
  110  10:51  Stalker x3  
  110  10:52  Stalker x4  
  110  10:53  Stalker  
  115  10:59  Nexus  
  113  11:11  Nexus  
  113  11:13  Pylon  
  113  11:15  Pylon  
  113  11:26  Probe  
  113  11:27  Probe  
  115  11:41  Stalker x2  
  115  11:42  Stalker x5  
  115  11:44  Sentry  
  131  11:53  Stalker x2  
  133  11:56  Sentry  
  135  12:05  Observer (Chrono Boost)  
  137  12:08  Observer (Chrono Boost)  
  137  12:12  Probe  
  137  12:13  Probe  
  137  12:14  Probe  
  138  12:23  Probe  
  129  12:50  Stalker x5  
  129  12:54  Probe  
Tags
 
Add a new tag
Caveats
  • Supply blocks, unpowered buildings, or Contaminate may cause inaccurate times.
  • Supply counts are checked every 10 seconds.